MWL (24 & UNDER)
CINCINNATI PRIDE @ BEMIDJI BENDERS
04/25/2026
 
TOP OF THE 1ST
Cincinnati Pride batting - Pitching for Bemidji Benders : LHP Justin Short
Pitching: LHP Justin Short
Batting: LHB Gerardo Guzmán 0-0: Foul Ball, location: 2F
0-1: Foul Ball, location: 2F
0-2: SOLO HOME RUN (Flyball, 89XD), Distance : 382 ft
Batting: RHB Michael Skinner 0-0: Ball
1-0: Ball
2-0: Ground out 6-3 (Groundball, 6M)
Batting: LHB John Clark 0-0: Called Strike
0-1: Foul Ball, location: 2F
0-2: Foul Ball, location: 2F
0-2: Foul Ball, location: 2F
0-2: Ball
1-2: Ball
2-2: Ball
3-2: Strikes out swinging
Batting: RHB Steve Meyers 0-0: Fly out, F4 (Popup, 4D)
Top of the 1st over - 1 run(s), 1 hit(s), 0 error(s), 0 left on base; Cincinnati 1 - Bemidji 0
BOTTOM OF THE 1ST
Bemidji Benders batting - Pitching for Cincinnati Pride : RHP Bart Brown
Pitching: RHP Bart Brown
Batting: LHB Bruce Foster 0-0: Foul Ball, location: 2F
0-1: Ball
1-1: Ball
2-1: Ball
3-1: Base on Balls
Batting: SHB Dave Henley 0-0: Called Strike
0-1: SINGLE (Line Drive, 78S)
Bruce Foster to second
Batting: LHB Todd Anderson 0-0: Ball
1-0: Ball
2-0: Ball
3-0: Called Strike
3-1: Called Strike
3-2: SINGLE (Line Drive, 4D)
Bruce Foster to third
Dave Henley to second
Runner from 3rd tries for Home, SAFE, no throw or cutoff
Batting: SHB Conan Hanson 0-0: Called Strike
0-1: Foul Ball, location: 2F
0-2: Ball
1-2: Foul Ball, location: 2F
1-2: Strikes out swinging
Batting: LHB Jesús Raugel 0-0: Swinging Strike
0-1: Ball
1-1: Fly out, F9 (Flyball, 9M)
Batting: RHB Bob Carr 0-0: SINGLE (Line Drive, 6MD)
Dave Henley to third
Todd Anderson to second
Runner from 3rd tries for Home, SAFE, no throw or cutoff
Batting: RHB Aaron Washington 0-0: Fielders Choice at 2nd, U6 (Groundball, 6M)
Bottom of the 1st over - 2 run(s), 3 hit(s), 0 error(s), 2 left on base; Cincinnati 1 - Bemidji 2
TOP OF THE 2ND
Cincinnati Pride batting - Pitching for Bemidji Benders : LHP Justin Short
Batting: RHB Wilson Flores 0-0: Foul Ball, location: 2F
0-1: Ball
1-1: Ground out 5-3 (Groundball, 56)
Batting: RHB Micheal Banks 0-0: Ball
1-0: Called Strike
1-1: Called Strike
1-2: Ball
2-2: Foul Ball, location: 2F
2-2: Strikes out looking
Batting: RHB Randy Simons 0-0: Ball
1-0: Foul Ball, location: 2F
1-1: Foul Ball, location: 2F
1-2: Ball
2-2: Ball
3-2: Strikes out looking
Top of the 2nd over - 0 run(s), 0 hit(s), 0 error(s), 0 left on base; Cincinnati 1 - Bemidji 2
BOTTOM OF THE 2ND
Bemidji Benders batting - Pitching for Cincinnati Pride : RHP Bart Brown
Batting: LHB Carlos De La Rosa 0-0: Ground out U3 (Groundball, 3L)
Batting: RHB Roberto Solís 0-0: Called Strike
0-1: Called Strike
0-2: Foul Ball, location: 2F
0-2: SOLO HOME RUN (Flyball, 78XD), Distance : 367 ft
Batting: LHB Bruce Foster 0-0: Called Strike
0-1: Foul Ball, location: 2F
0-2: SINGLE (Groundball, 4MD)
Batting: SHB Dave Henley 0-0: Ball
1-0: Ball
2-0: Foul Ball, location: 2F
2-1: Foul Ball, location: 2F
2-2: Strikes out looking
Batting: LHB Todd Anderson 0-0: Ball
1-0: Ball
2-0: Ball
3-0: Base on Balls
Bruce Foster to second
Batting: SHB Conan Hanson 0-0: Called Strike
0-1: Swinging Strike
0-2: Foul Ball, location: 2F
0-2: Strikes out swinging
Bottom of the 2nd over - 1 run(s), 2 hit(s), 0 error(s), 2 left on base; Cincinnati 1 - Bemidji 3
TOP OF THE 3RD
Cincinnati Pride batting - Pitching for Bemidji Benders : LHP Justin Short
Batting: RHB Bartolo Montero 0-0: Called Strike
0-1: Swinging Strike
0-2: Foul Ball, location: 2F
0-2: Strikes out swinging
Batting: LHB Ángel Tuzzi 0-0: SINGLE (Line Drive, 8LS)
Batting: LHB Gerardo Guzmán 0-0: Ball
1-0: Ball
2-0: Ball
3-0: Called Strike
3-1: Foul Ball, location: 2F
3-2: 2-RUN HOME RUN (Flyball, 89XD), Distance : 378 ft
Batting: RHB Michael Skinner 0-0: Ball
1-0: DOUBLE (Line Drive, 7LS)
Pinch Runner at 2nd Wes Stone:
Batting: LHB John Clark 0-0: Called Strike
0-1: Foul Ball, location: 2F
0-2: Strikes out swinging
Batting: RHB Steve Meyers 0-0: Ball
1-0: Ball
2-0: Fly out, F8 (Flyball, 78XD)
Top of the 3rd over - 2 run(s), 3 hit(s), 0 error(s), 1 left on base; Cincinnati 3 - Bemidji 3
BOTTOM OF THE 3RD
Bemidji Benders batting - Pitching for Cincinnati Pride : RHP Bart Brown
Now in RF: Wes Stone
Batting: LHB Jesús Raugel 0-0: Ball
1-0: SINGLE (Line Drive, 4MD)
Batting: RHB Bob Carr 0-0: Ball
1-0: Ball
2-0: Grounds into double play, 6-4-3 (Groundball, 6)
Batting: RHB Aaron Washington 0-0: Ball
1-0: Called Strike
1-1: Ball
2-1: Called Strike
2-2: Fly out, F9 (Flyball, 89M)
Bottom of the 3rd over - 0 run(s), 1 hit(s), 0 error(s), 0 left on base; Cincinnati 3 - Bemidji 3
TOP OF THE 4TH
Cincinnati Pride batting - Pitching for Bemidji Benders : LHP Justin Short
Batting: RHB Wilson Flores 0-0: Ball
1-0: Foul Ball, location: 2F
1-1: Foul Ball, location: 2F
1-2: Strikes out looking
Batting: RHB Micheal Banks 0-0: Ball
1-0: Called Strike
1-1: Foul Ball, location: 2F
1-2: Ball
2-2: Ball
3-2: Strikes out swinging
Batting: RHB Randy Simons 0-0: Foul Ball, location: 2F
0-1: Ball
1-1: Called Strike
1-2: Strikes out swinging
Top of the 4th over - 0 run(s), 0 hit(s), 0 error(s), 0 left on base; Cincinnati 3 - Bemidji 3
BOTTOM OF THE 4TH
Bemidji Benders batting - Pitching for Cincinnati Pride : RHP Bart Brown
Batting: LHB Carlos De La Rosa 0-0: Swinging Strike
0-1: Ground out 4-3 (Groundball, 4)
Batting: RHB Roberto Solís 0-0: Ball
1-0: Ground out 5-3 (Groundball, 5)
Batting: LHB Bruce Foster 0-0: Ball
1-0: Called Strike
1-1: Ball
2-1: Ball
3-1: Foul Ball, location: 2F
3-2: Base on Balls
Batting: SHB Dave Henley 0-0: Ball
1-0: Called Strike
1-1: Foul Ball, location: 2F
1-2: SINGLE (Line Drive, 6D)
Bruce Foster to second
Batting: LHB Todd Anderson 0-0: SINGLE (Groundball, 3S)
Bruce Foster to third
Dave Henley to second
Runner from 3rd tries for Home, throw and OUT!
Bottom of the 4th over - 0 run(s), 2 hit(s), 0 error(s), 2 left on base; Cincinnati 3 - Bemidji 3
TOP OF THE 5TH
Cincinnati Pride batting - Pitching for Bemidji Benders : LHP Justin Short
Batting: RHB Bartolo Montero 0-0: Ball
1-0: Called Strike
1-1: Called Strike
1-2: Foul Ball, location: 2F
1-2: Strikes out looking
Batting: LHB Ángel Tuzzi 0-0: Ground out 5-3 (Groundball, 5S)
Batting: LHB Gerardo Guzmán 0-0: Ball
1-0: Ball
2-0: Ball
3-0: Base on Balls
Batting: LHB Wes Stone 0-0: Ball
1-0: Ball
2-0: Swinging Strike
2-1: Ground out U3 (Groundball, 3)
Top of the 5th over - 0 run(s), 0 hit(s), 0 error(s), 1 left on base; Cincinnati 3 - Bemidji 3
BOTTOM OF THE 5TH
Bemidji Benders batting - Pitching for Cincinnati Pride : RHP Bart Brown
Batting: SHB Conan Hanson 0-0: Ball
1-0: Called Strike
1-1: Called Strike
1-2: Strikes out looking
Batting: LHB Jesús Raugel 0-0: Swinging Strike
0-1: Ball
1-1: Ball
2-1: Foul Ball, location: 2F
2-2: Strikes out swinging
Batting: RHB Bob Carr 0-0: Ball
1-0: Swinging Strike
1-1: Swinging Strike
1-2: Strikes out swinging
Bottom of the 5th over - 0 run(s), 0 hit(s), 0 error(s), 0 left on base; Cincinnati 3 - Bemidji 3
TOP OF THE 6TH
Cincinnati Pride batting - Pitching for Bemidji Benders : LHP Justin Short
Batting: LHB John Clark 0-0: Ball
1-0: Ground out 6-3 (Groundball, 6)
Batting: RHB Steve Meyers 0-0: Foul Ball, location: 2F
0-1: Ball
1-1: Foul Ball, location: 2F
1-2: Strikes out swinging
Batting: RHB Wilson Flores 0-0: Called Strike
0-1: Swinging Strike
0-2: Ball
1-2: Strikes out looking
Top of the 6th over - 0 run(s), 0 hit(s), 0 error(s), 0 left on base; Cincinnati 3 - Bemidji 3
BOTTOM OF THE 6TH
Bemidji Benders batting - Pitching for Cincinnati Pride : RHP Bart Brown
Batting: RHB Aaron Washington 0-0: Ball
1-0: Ball
2-0: Ball
3-0: Called Strike
3-1: Fly out, F3 (Popup, 3DF)
Pitching: RHP Rusty van Rhee
Batting: LHB Carlos De La Rosa 0-0: Ball
1-0: Swinging Strike
1-1: Foul Ball, location: 2F
1-2: Ball
2-2: Strikes out swinging
Batting: RHB Roberto Solís 0-0: Ground out 5-3 (Groundball, 5S)
Bottom of the 6th over - 0 run(s), 0 hit(s), 0 error(s), 0 left on base; Cincinnati 3 - Bemidji 3
TOP OF THE 7TH
Cincinnati Pride batting - Pitching for Bemidji Benders : LHP Justin Short
Pitching: RHP Ambrose Palmer
Pinch Hitting: SHB Larry Peterson 0-0: Ball
1-0: Called Strike
1-1: Foul Ball, location: 2F
1-2: Strikes out looking
Batting: RHB Randy Simons 0-0: Called Strike
0-1: Swinging Strike
0-2: Ball
1-2: SINGLE (Groundball, 56)
Batting: RHB Bartolo Montero 0-0: Ball
1-0: Called Strike
1-1: SINGLE (Line Drive, 56D)
Randy Simons to second
Pinch Hitting: LHB Marvin Morris 0-0: Ball
1-0: Ball
2-0: Ball
3-0: Base on Balls
Randy Simons to third
Bartolo Montero to second
Batting: LHB Gerardo Guzmán 0-0: Ball
1-0: Ball
2-0: Ball
3-0: Foul Ball, location: 2F
3-1: Base on Balls
Randy Simons scores
Bartolo Montero to third
Marvin Morris to second
Batting: LHB Wes Stone 0-0: Ball
1-0: Swinging Strike
1-1: Called Strike
1-2: Foul Ball, location: 2F
1-2: Foul Ball, location: 2F
1-2: Ball
2-2: Ball
3-2: Foul Ball, location: 2F
3-2: Base on Balls
Bartolo Montero scores
Marvin Morris to third
Gerardo Guzmán to second
Pinch Hitting: LHB Iván Vázquez 0-0: GRAND SLAM HOME RUN (Line Drive, 8RXD), Distance : 428 ft
Pitching: RHP Dale Hall
Batting: RHB Steve Meyers 0-0: SINGLE (Groundball, 5D)
Batting: RHB Wilson Flores 0-0: Ball
1-0: Swinging Strike
1-1: Swinging Strike
1-2: Foul Ball, location: 2F
1-2: Ball
2-2: Strikes out looking
Batting: SHB Larry Peterson 0-0: Ground out 6-3 (Groundball, 6)
Top of the 7th over - 6 run(s), 4 hit(s), 0 error(s), 1 left on base; Cincinnati 9 - Bemidji 3
BOTTOM OF THE 7TH
Bemidji Benders batting - Pitching for Cincinnati Pride : RHP Rusty van Rhee
Now at 1B: Iván Vázquez
Now in CF: Roberto Quińones
Now in RF: Marvin Morris
Batting: LHB Bruce Foster 0-0: Ball
1-0: Ball
2-0: Called Strike
2-1: SINGLE (Line Drive, 8LS)
Batting: SHB Dave Henley 0-0: Called Strike
0-1: Ball
1-1: Ball
2-1: SINGLE (Line Drive, 78S)
Bruce Foster to second
Batting: LHB Todd Anderson 0-0: Foul Ball, location: 2F
0-1: Called Strike
0-2: Strikes out swinging
Batting: SHB Conan Hanson 0-0: Called Strike
0-1: Ball
1-1: Foul Ball, location: 2F
1-2: Grounds into double play, 3-6-3 (Groundball, 3)
Bottom of the 7th over - 0 run(s), 2 hit(s), 0 error(s), 1 left on base; Cincinnati 9 - Bemidji 3
TOP OF THE 8TH
Cincinnati Pride batting - Pitching for Bemidji Benders : RHP Dale Hall
Batting: RHB Randy Simons 0-0: Swinging Strike
0-1: Swinging Strike
0-2: Ball
1-2: Foul Ball, location: 2F
1-2: Strikes out looking
Batting: RHB Bartolo Montero 0-0: Ball
1-0: Ball
2-0: Ball
3-0: Called Strike
3-1: Foul Ball, location: 2F
3-2: Strikes out swinging
Batting: LHB Marvin Morris 0-0: Called Strike
0-1: Swinging Strike
0-2: Foul Ball, location: 2F
0-2: Ball
1-2: Fly out, F9 (Flyball, 9LM)
Top of the 8th over - 0 run(s), 0 hit(s), 0 error(s), 0 left on base; Cincinnati 9 - Bemidji 3
BOTTOM OF THE 8TH
Bemidji Benders batting - Pitching for Cincinnati Pride : RHP Rusty van Rhee
Now at C: Pablo Gómez
Batting: LHB Jesús Raugel 0-0: Ground out 1-3 (Groundball, 13S)
Pitching: RHP Roberto Cordero
Batting: RHB Bob Carr 0-0: Ball
1-0: Ball
2-0: Foul Ball, location: 2F
2-1: Ball
3-1: Fly out, F7 (Flyball, 7M)
Batting: RHB Aaron Washington 0-0: Ball
1-0: Ball
2-0: Called Strike
2-1: Ball
3-1: Fly out, F8 (Flyball, 8LM)
Bottom of the 8th over - 0 run(s), 0 hit(s), 0 error(s), 0 left on base; Cincinnati 9 - Bemidji 3
TOP OF THE 9TH
Cincinnati Pride batting - Pitching for Bemidji Benders : RHP Dale Hall
Batting: LHB Gerardo Guzmán 0-0: Ball
1-0: SINGLE (Groundball, 5D)
Batting: LHB Wes Stone 0-0: Ball
1-0: Ball
2-0: Called Strike
2-1: Called Strike
2-2: Strikes out swinging
Batting: LHB Iván Vázquez 0-0: Ball
1-0: Grounds into double play, 1-6-3 (Groundball, 15S)
Top of the 9th over - 0 run(s), 1 hit(s), 0 error(s), 0 left on base; Cincinnati 9 - Bemidji 3
BOTTOM OF THE 9TH
Bemidji Benders batting - Pitching for Cincinnati Pride : RHP Roberto Cordero
Now at 3B: Juan Martínez
Batting: LHB Carlos De La Rosa 0-0: SINGLE (Line Drive, 6D)
Batting: RHB Roberto Solís 0-0: Reaches on Catchers interference
Carlos De La Rosa to second
Batting: LHB Bruce Foster 0-0: Ball
1-0: Ball
2-0: Ball
3-0: Called Strike
3-1: Fly out, F8 (Flyball, 8LS)
Batting: SHB Dave Henley 0-0: Ball
1-0: Swinging Strike
1-1: Ball
2-1: Swinging Strike
2-2: Strikes out swinging
Batting: LHB Todd Anderson 0-0: Swinging Strike
0-1: Ball
1-1: Ball
2-1: Swinging Strike
2-2: Ball
3-2: Base on Balls
Carlos De La Rosa to third
Roberto Solís to second
Batting: SHB Conan Hanson 0-0: Called Strike
0-1: Fly out, F8 (Flyball, 8LM)
Bottom of the 9th over - 0 run(s), 1 hit(s), 1 error(s), 3 left on base; Cincinnati 9 - Bemidji 3
Monday, December 5th, 2016 - OOTP Baseball 17.12 Build 75